 Dungeon Crawl Stone Soup version 0.28-a0-938-gbc3f381ebc (webtiles) character file.

Game seed: 7364710242529651927

1837 frimble the Ruffian (level 8, -3/80 HPs)
             Began as a Troll Warper on Nov 30, 2021.
             Slain by a boulder beetle (15 damage)
             ... on level 7 of the Dungeon.
             The game lasted 00:10:06 (5824 turns).

frimble the Ruffian (Troll Warper)                  Turns: 5824, Time: 00:10:07

Health: -3/80      AC:  8    Str: 20    XL:     8   Next: 87%
Magic:  8/8        EV: 10    Int: 11    God:
Gold:   542        SH:  0    Dex:  9    Spells: 6/9 levels left

rFire   . . .      SeeInvis .     - Unarmed
rCold   . . .      Faith    .   (no shield)
rNeg    . . .      Spirit   .   a - +0 robe
rPois   .          Reflect  .   i - +2 hat
rElec   .          Harm     .   p - +1 cloak
rCorr   .          Rampage  .   (gloves unavailable)
Will    .....                   (boots unavailable)
Stlth   +.........              (no amulet)
HPRegen 1.03/turn               (no ring)
MPRegen 0.11/turn               (no ring)

@: on blink cooldown
A: large, unfitting armour, claws 3, regeneration 1, shaggy fur 1, tough skin 1
a: no special abilities


You were on level 7 of the Dungeon.
You visited 1 branch of the dungeon, and saw 7 of its levels.
You also visited: Ossuary.

You collected 581 gold pieces.
You spent 39 gold pieces at shops.

Inventory:

Missiles
 c - 5 boomerangs of dispersal (quivered)
 q - a throwing net
Armour
 a - a +0 robe (worn)
 i - a +2 hat (worn)
 p - a +1 cloak (worn)
 s - a +0 tower shield
Wands
 j - a wand of acid (4)
Scrolls
 m - a scroll of amnesia
 o - a scroll of immolation
 r - a scroll of identify
Potions
 d - a potion of magic
 e - 4 potions of curing
 f - 2 potions of ambrosia {unknown}
 g - a potion of might
 h - a potion of degeneration
 k - a potion of berserk rage
 l - 2 potions of mutation
 n - 4 potions of heal wounds {unknown}


   Skills:
 + Level 5.0 Fighting
 - Level 0.8 Throwing
 - Level 2.0 Dodging
 + Level 2.2 Shields
 + Level 6.1 Unarmed Combat
 - Level 1.2 Spellcasting
 + Level 4.9 Translocations
 + Level 3.2 Evocations


You had 6 spell levels left.
You knew the following spells:

 Your Spells              Type           Power      Damage    Failure   Level
a - Blink                 Tloc           22%        N/A       6%          2
b - Apportation           Tloc           22%        N/A       4%          1

Your spell library contained the following spells:

 Spells                   Type           Power      Damage    Failure   Level
 Gell's Gravitas          Tloc           11%        N/A       12%         3
 Lesser Beckoning         Tloc           11%        N/A       12%         3
 Teleport Other           Tloc           11%        N/A       12%         3
 Animate Skeleton         Necr           0%         N/A       32%         1
 Slow                     Hex            0%         N/A       32%         1
 Summon Small Mammal      Summ           0%         N/A       32%         1
 Scorch                   Fire           0%         2d5       43%         2
 Confusing Touch          Hex            0%         N/A       67%         3
 Vampiric Draining        Necr           0%         2d6       67%         3
 Manifold Assault         Tloc           11%        N/A       75%         5
 Flame Wave               Conj/Fire      0%         2d4       97%         4
 Summon Cactus Giant      Summ           0%         N/A       100%        6


Dungeon Overview and Level Annotations

Branches:
Dungeon (7/15)             Temple (0/1) D:7         Ossuary (visited)

Altars:
Okawaru
Ru

Shops:
D:2 !

Annotations:
D:4 1 runed translucent door, Crazy Yiuf
D:6 3 runed translucent doors, ytrimaz's ghost, novice DrBe


Innate Abilities, Weirdness & Mutations

You are too large for most types of armour.
You have claws for hands.
Your natural rate of healing is unusually fast.
You are covered in fur. (AC +1)
You have tough skin. (AC +1)


Message History

The bolt of acid hits the boulder beetle.
The acid corrodes the boulder beetle!
The boulder beetle is lightly wounded.
You feel stable enough to blink again. The boulder beetle hits you!!
* * * LOW HITPOINT WARNING * * *
The boulder beetle stops rolling and uncurls.
Okay, then.
Unknown command.
Unknown command.
Unknown command.
Casting: Blink (safe; 6% risk of failure)
Confirm with . or Enter, or press ? or * to list all spells.
You blink.
Something unseen breaks down the door.
Aiming: Corrosive Bolt
Press: ? - help, Shift-Dir - straight line, f/p - boulder beetle
Aim: a boulder beetle (lightly wounded, covered in acid, 100% to hit)
The bolt of acid hits the boulder beetle!!
The boulder beetle is heavily wounded.
The boulder beetle curls into a ball and begins rolling!
Aiming: Corrosive Bolt
Press: ? - help, Shift-Dir - straight line, f/p - boulder beetle
Aim: a boulder beetle (heavily wounded, rolling, covered in acid, 100% to hit)
The bolt of acid hits the boulder beetle!
The boulder beetle is heavily wounded.
Aiming: Corrosive Bolt
Press: ? - help, Shift-Dir - straight line, f/p - boulder beetle
Aim: a boulder beetle (heavily wounded, rolling, covered in acid, 100% to hit)
The bolt of acid hits the boulder beetle but does no damage.
The boulder beetle is heavily wounded.
The boulder beetle misses you.
The boulder beetle stops rolling and uncurls.
Okay, then.
Unknown command.
Unknown command.
Okay, then.
Unknown command.
Unknown command.
Magic courses through your body. The boulder beetle bites you!
You die...

#...# .# #...# .#
#...###.## ####
#...##... ...#####
#...##..# .zOo[#.#.
#...##..#
####B.##.##...##..####.#
#...#......°B@......#
##°####..o.......#######
##.888#..........# ≈≈≈≈
#8..†.z.###.###..# ≈≈≈≈≈
##.888#.##....)..# ≈≈≈≈≈
#+####.########)#≈≈≈###
...........#####..
..########.......>
.#.#........#####..


You could see a boulder beetle (corroded), a wight and an orc.

Vanquished Creatures
  Eustachio (D:5)
  A water moccasin (D:5)
  An ice beast (D:3)
  A sky beast (D:7)
  A phantom (D:5)
  A kobold brigand (D:5)
  A bullfrog (D:7)
  A gnoll sergeant (D:4)
  A water moccasin zombie (D:5)
  A water moccasin skeleton (D:5)
  A howler monkey (D:6)
  3 wights (D:7)
  A bullfrog zombie (D:5)
  A hound (D:6)
  3 bullfrog skeletons
  A jelly (D:7)
  An orc priest (D:3)
  3 centaur skeletons
  4 iguanas
  An orc wizard (D:5)
  2 mummies (Ossuary)
  Robin (D:3)
  7 adders
  20 gnolls
  2 white imps
  An ufetubus (D:4)
  An adder skeleton (D:4)
  13 orcs
  5 bats
  11 endoplasms
  3 giant cockroaches
  6 gnoll zombies (Ossuary)
  11 hobgoblins
  41 kobolds
  5 quokkas
  4 ball pythons
  3 frilled lizards
  15 goblins
  2 goblin zombies (Ossuary)
  4 hobgoblin zombies (Ossuary)
  2 orc zombies (Ossuary)
  2 rats
190 creatures vanquished.

Notes
Turn   | Place    | Note
-------+----------+-------------------------------------------
     0 | D:1      | frimble the Troll Warper began the quest for the Orb.
     0 | D:1      | Reached XP level 1. HP: 19/19 MP: 1/1
   138 | D:1      | Reached XP level 2. HP: 28/28 MP: 2/2
   639 | D:2      | Reached XP level 3. HP: 26/35 MP: 3/3
   758 | D:2      | Found Oxerchai's Distillery.
   773 | D:2      | Bought a potion of curing for 39 gold pieces
   950 | D:2      | Found a faded altar of an unknown god.
   983 | D:2      | Found a sacrificial altar of Ru.
  1078 | D:3      | Noticed Robin
  1106 | D:3      | Noticed an ice beast
  1136 | D:3      | Killed an ice beast
  1137 | D:3      | Reached skill level 3 in Unarmed Combat
  1137 | D:3      | Reached XP level 4. HP: 44/44 MP: 4/4
  1137 | D:3      | Reached XP level 5. HP: 52/52 MP: 5/5
  1182 | D:3      | Learned a level 2 spell: Blink
  1421 | D:3      | Killed Robin
  1928 | D:4      | Found a sand-covered staircase.
  1938 | Ossuary  | Entered an ossuary
  1994 | Ossuary  | Reached XP level 6. HP: 61/61 MP: 6/6
  2012 | Ossuary  | Reached skill level 4 in Unarmed Combat
  2332 | D:4      | Found a runed translucent door.
  2333 | D:4      | Noticed Crazy Yiuf
  2576 | D:4      | Found an iron altar of Okawaru.
  2641 | D:4      | Reached skill level 1 in Evocations
  3242 | D:5      | Entered Level 5 of the Dungeon
  3332 | D:5      | Reached XP level 7. HP: 65/67 MP: 7/7
  3530 | D:5      | Learned a level 1 spell: Apportation
  4240 | D:5      | Reached skill level 5 in Unarmed Combat
  4271 | D:5      | Noticed Eustachio
  4376 | D:5      | Killed Eustachio
  4424 | D:5      | Reached XP level 8. HP: 72/78 MP: 8/8
  4684 | D:5      | Reached skill level 1 in Shields
  5090 | D:6      | Noticed ytrimaz's ghost (novice DrBe)
  5193 | D:6      | Found a runed translucent gate.
  5197 | D:6      | Found a runed translucent gate.
  5198 | D:6      | Found a runed translucent gate.
  5668 | D:7      | Found a staircase to the Ecumenical Temple.
  5703 | D:7      | Identified the +10 spear "Kuelin" {elec, Will- MP+9 Dex+2
                  | Stlth+}
  5802 | D:7      | Reached skill level 6 in Unarmed Combat
  5803 | D:7      | Noticed a boulder beetle
  5805 | D:7      | Noticed a two-headed ogre
  5806 | D:7      | Reached skill level 5 in Fighting
  5824 | D:7      | Slain by a boulder beetle

Illustrated notes

Levels and vault maps discovered:
D:1:      minmay_arrival_diagonal_passages, layout_basic
D:2:      layout_rooms, basic_altar, dilly_ecumenical_altar_fadedgnrine,
          serial_shops, shop_fountains
D:3:      layout_basic, uniq_robin
D:4:      layout_basic, lemuel_doored_altar, enter_ossuary_1,
          uniq_crazy_yiuf_cottage
D:5:      minmay_goblin_kobold_castle, layout_basic, uniq_eustachio
D:6:      layout_loops_ring, gammafunk_ghost_icy, kennysheep_nondescript
D:7:      minmay_chambers_of_sevens, layout_basic, minmay_temple_entry_poolview,
          minmay_nine_imps

Skill      XL: |  1  2  3  4  5  6  7  8 |
---------------+-------------------------+-----
Dodging        | 2 |  2.0
Fighting       | 2 3 4 5 |  5.0
Unarmed Combat | 3 4 5 6 |  6.1
Translocations | 3 4 |  4.9
Evocations     | 1 2 3 |  3.2
Shields        | 2 |  2.2
Throwing       | |  0.8
Spellcasting   | |  1.2

Action                   |  1- 3 |  4- 6 |  7- 9 || total
-------------------------+-------+-------+-------++-------
Melee: Unarmed           |    99 |   289 |   308 ||   696
       Punch             |       |     6 |     6 ||    12
 Cast: Blink             |       |     3 |     3 ||     6
Evoke: Wand              |       |       |     5 ||     5
  Use: Scroll            |     5 |     5 |     5 ||    15
       Potion            |       |       |     2 ||     2
Armor: Robe              |    48 |    89 |   119 ||   256
Dodge: Dodged            |    58 |   136 |   149 ||   343

Table legend: (Time is in decaauts)
 A = Elapsed time spent in this place.
 B = Non-inter-level travel time spent in this place.
 C = Inter-level travel time spent in this place.
 D = Time resting spent in this place.
 E = Time spent auto-exploring this place.
 F = Levels seen in this place.
 G = Mean time per level.
                   A        B        C        D        E       F      G
               +--------+--------+--------+--------+--------+-----+--------+
         Total |   5781 |   5635 |    146 |      0 |   4054 |   8 |  722.6 |
       Dungeon |   5605 |   5459 |    146 |      0 |   3986 |   7 |  800.7 |
       Ossuary |    176 |    176 |      0 |      0 |     68 |   1 |  176.0 |
               +--------+--------+--------+--------+--------+-----+--------+

Top non-repeatable levels by time:
     D:5: 1670 daAuts
     D:4: 1287 daAuts
     D:6: 736 daAuts
     D:2: 595 daAuts
     D:3: 589 daAuts
     D:1: 572 daAuts
 Ossuary: 176 daAuts
     D:7: 153 daAuts
